 Dungeon Crawl Stone Soup version 0.28-a0-1415-g7c84da036a (webtiles) character file.

Game seed: 11338824318328300653

364 croobank the Chopper (level 6, -6/53 HPs)
             Began as a Gnoll Cinder Acolyte on Jan 8, 2022.
             Was a High Priest of Ignis.
             Mangled by an orc (8 damage)
             ... on level 5 of the Dungeon.
             The game lasted 00:20:46 (3893 turns).

croobank the Chopper (Gnoll Cinder Acolyte)         Turns: 3893, Time: 00:20:46

Health: -6/53      AC:  7    Str: 14 (15) XL:     6   Next: 67%
Magic:  11/11      EV:  9    Int: 12 (13) God:    Ignis [*****.]
Gold:   117        SH:  0    Dex:  8      Spells: 10/12 levels left

rFire   + . .      SeeInvis .   a - +0 short sword
rCold   . . .      Faith    .   (no shield)
rNeg    . . .      Spirit   .   h - +1 scale mail
rPois   .          Reflect  .   (no helmet)
rElec   .          Harm     .   (no cloak)
rCorr   .          Rampage  .   (no gloves)
Will    .....                   (no boots)
Stlth   ..........              (no amulet)
HPRegen 0.17/turn               (no ring)
MPRegen 0.12/turn               (no ring)

@: no status effects
A: fangs 1, strong nose, distributed training, deterioration 1, no potion heal 1
a: Renounce Religion, Fiery Armour, Foxfire Swarm


You were on level 5 of the Dungeon.
You worshipped Ignis.
Ignis was extremely pleased with you.
You visited 1 branch of the dungeon, and saw 5 of its levels.

You collected 117 gold pieces.

Inventory:

Hand Weapons
 a - a +0 short sword (weapon)
 b - a +0 hunting sling
 c - a -1 hand axe of flaming
 l - a +1 dagger of flaming
Missiles
 f - 82 arrows
 i - 64 stones (quivered)
 n - 3 boomerangs
Armour
 h - a +1 scale mail (worn)
 k - a +0 leather armour
Scrolls
 d - a scroll of vulnerability
 g - a scroll of identify
 j - 2 scrolls of amnesia
Potions
 e - a potion of resistance


   Skills:
 + Level 6.9 Fighting
 + Level 2.1 Short Blades
 + Level 2.1 Long Blades
 + Level 6.9 Axes
 + Level 2.1 Maces & Flails
 + Level 2.1 Polearms
 + Level 2.1 Staves
 + Level 2.1 Slings
 + Level 2.1 Bows
 + Level 2.1 Crossbows
 + Level 2.1 Throwing
 + Level 2.1 Armour
 + Level 2.1 Dodging
 + Level 2.1 Stealth
 + Level 2.1 Shields
 + Level 2.1 Unarmed Combat
 + Level 3.5 Spellcasting
 + Level 1.6 Conjurations
 + Level 1.6 Hexes
 + Level 1.6 Summonings
 + Level 1.6 Necromancy
 + Level 1.6 Translocations
 + Level 1.6 Transmutations
 + Level 5.7 Fire Magic
 + Level 1.6 Ice Magic
 + Level 1.6 Air Magic
 + Level 1.6 Earth Magic
 + Level 1.6 Poison Magic
 + Level 2.3 Invocations
 + Level 2.1 Evocations


You had 10 spell levels left.
You knew the following spells:

 Your Spells              Type           Power      Damage    Failure   Level
a - Scorch                Fire           30%        2d6       14%         2

Your spell library contained the following spells:

 Spells                   Type           Power      Damage    Failure   Level
 Beastly Appendage        Tmut           12%        N/A       45%         1
 Static Discharge         Conj/Air       6%         N/A       58%         2
 Wereblood                Tmut           6%         N/A       58%         2
 Confusing Touch          Hex            6%         N/A       83%         3
 Spider Form              Tmut/Pois      6%         N/A       83%         3
 Sticky Flame             Conj/Fire      10%        2d3       91%         4
 Dispel Undead            Necr           6%         3d8       99%         4
 Yara's Violent Unravell  Hex/Tmut       3%         3d4       100%        5
 Enfeeble                 Hex            3%         N/A       100%        7


Dungeon Overview and Level Annotations

Branches:
Dungeon (5/15)
 Temple: D:4-7

Altars:

Annotations:
D:3 Pargi


Innate Abilities, Weirdness & Mutations

You have very sharp teeth.
Your uncanny sense of smell can sniff out nearby items.
Your experience applies equally to all skills.
Your body sometimes deteriorates upon taking damage.
Potions are less effective at restoring your health.


Message History

You're too confused to move!
You feel less confused.
The orc wizard hits you but does no damage.
You closely miss the orc wizard.
The orc wizard is almost dead.
The orc wizard closely misses you.
You closely miss the orc wizard.
The orc wizard is almost dead.
The orc wizard casts a spell.
The orc wizard flickers and vanishes!
Deactivating autopickup; reactivate with Ctrl-A.
You closely miss something.
You hear some strange, mumbled words.
A magic dart appears from out of thin air!
The magic dart hits you but does no damage.
You hit something.
Reactivating autopickup.
You feel a bit more experienced.
You closely miss the orc. The orc closely misses you.
You closely miss the orc. The orc hits you with a +0 morningstar!
You barely miss the orc. The orc hits you with a +0 morningstar!
You hit the orc.
The orc is lightly wounded.
The orc hits you with a +0 morningstar.
* * * LOW HITPOINT WARNING * * *
You closely miss the orc.
The orc is lightly wounded.
The orc hits you with a +0 morningstar.
* * * LOW HITPOINT WARNING * * *
You hit the orc but do no damage.
The orc is lightly wounded.
The orc hits you with a +0 morningstar!
* * * LOW HITPOINT WARNING * * *
You hit the orc but do no damage.
The orc is lightly wounded.
The orc barely misses you.
You hit the orc but do no damage.
The orc is lightly wounded.
The orc hits you with a +0 morningstar!
You die...

#.#######.#.#.#.#
#.##......#.#.#.#
#.##.###..#.#.#.#
#o##.# #..#.#.#.#
#.##.# #..#.#.#.###
#o##.###..#.......#
#.#....#..#.#.#####
#.####.#..#.#...###
#..o@.....#.#.....#
######.#....#.#..##
#.######.#..# #.#
#.#..# #.# #.#..#
#.# #.##.#
#.######.####
#........#
##########


You could see an orc.

Vanquished Creatures
  Sigmund (D:3)
  A water moccasin skeleton (D:2)
  A hound (D:4)
  An orc wizard (D:5)
  A hound skeleton (D:2)
  5 adders
  3 orcs
  A ball python (D:3)
  4 bats
  3 endoplasms
  A giant cockroach (D:3)
  5 goblins
  6 hobgoblins
  6 jackals
  2 quokkas
  2 frilled lizards
  3 kobolds
  8 rats
54 creatures vanquished.

Vanquished Creatures (others)
  A fungus (D:1)
1 creature vanquished.

Grand Total: 55 creatures vanquished

Notes
Turn   | Place    | Note
-------+----------+-------------------------------------------
     0 | D:1      | croobank the Gnoll Cinder Acolyte began the quest for the
                  | Orb.
     0 | D:1      | Reached XP level 1. HP: 23/23 MP: 4/4
   235 | D:1      | Reached XP level 2. HP: 28/29 MP: 5/5
   530 | D:1      | Found a faded altar of an unknown god.
  1014 | D:2      | Reached XP level 3. HP: 35/35 MP: 7/7
  1145 | D:2      | Reached skill level 1 in Invocations
  1153 | D:2      | Learned a level 2 spell: Scorch
  1176 | D:2      | Reached skill level 1 in Short Blades
  1176 | D:2      | Reached skill level 1 in Long Blades
  1176 | D:2      | Reached skill level 1 in Maces & Flails
  1176 | D:2      | Reached skill level 1 in Polearms
  1176 | D:2      | Reached skill level 1 in Staves
  1176 | D:2      | Reached skill level 1 in Slings
  1176 | D:2      | Reached skill level 1 in Bows
  1176 | D:2      | Reached skill level 1 in Crossbows
  1176 | D:2      | Reached skill level 1 in Throwing
  1176 | D:2      | Reached skill level 1 in Armour
  1176 | D:2      | Reached skill level 1 in Dodging
  1176 | D:2      | Reached skill level 1 in Stealth
  1176 | D:2      | Reached skill level 1 in Shields
  1176 | D:2      | Reached skill level 1 in Unarmed Combat
  1176 | D:2      | Reached skill level 1 in Evocations
  1384 | D:2      | Reached skill level 1 in Conjurations
  1384 | D:2      | Reached skill level 1 in Hexes
  1384 | D:2      | Reached skill level 1 in Summonings
  1384 | D:2      | Reached skill level 1 in Necromancy
  1384 | D:2      | Reached skill level 1 in Translocations
  1384 | D:2      | Reached skill level 1 in Transmutations
  1384 | D:2      | Reached skill level 1 in Ice Magic
  1384 | D:2      | Reached skill level 1 in Air Magic
  1384 | D:2      | Reached skill level 1 in Earth Magic
  1384 | D:2      | Reached skill level 1 in Poison Magic
  1384 | D:2      | Reached XP level 4. HP: 18/41 MP: 1/8
  1749 | D:2      | Reached XP level 5. HP: 47/47 MP: 6/9
  2163 | D:3      | Gained mutation: Potions are less effective at restoring
                  | your health. [potion of mutation]
  2163 | D:3      | Gained mutation: Your body sometimes deteriorates upon
                  | taking damage. [potion of mutation]
  2296 | D:3      | Noticed Pargi
  2664 | D:3      | Noticed Sigmund
  2760 | D:4      | Noticed a kobold brigand
  3189 | D:3      | Killed Sigmund
  3190 | D:3      | Reached XP level 6. HP: 53/53 MP: 3/11
  3600 | D:5      | Entered Level 5 of the Dungeon
  3891 | D:5      | HP: 2/53 [orc (8)]
  3893 | D:5      | Mangled by an orc

Illustrated notes

Levels and vault maps discovered:
D:1:      dpeg_arrival_tiny_k, layout_loops_cross,
          dreamdust_ecumenical_altar_grove
D:2:      layout_basic, nicolae_elevator_lobby_plus
D:3:      layout_rooms, uniq_pargi, uniq_sigmund
D:4:      layout_basic
D:5:      layout_basic, minmay_temple_entry_sparse_star

Skill      XL: |  1  2  3  4  5  6 |
---------------+-------------------+-----
Invocations    | 1 2 |  2.3
Short Blades   | 1 2 |  2.1
Long Blades    | 1 2 |  2.1
Maces & Flails | 1 2 |  2.1
Polearms       | 1 2 |  2.1
Staves         | 1 2 |  2.1
Slings         | 1 2 |  2.1
Bows           | 1 2 |  2.1
Crossbows      | 1 2 |  2.1
Throwing       | 1 2 |  2.1
Armour         | 1 2 |  2.1
Dodging        | 1 2 |  2.1
Stealth        | 1 2 |  2.1
Shields        | 1 2 |  2.1
Unarmed Combat | 1 2 |  2.1
Evocations     | 1 2 |  2.1
Spellcasting   | 3 |  3.5
Conjurations   | 1 |  1.6
Hexes          | 1 |  1.6
Summonings     | 1 |  1.6
Necromancy     | 1 |  1.6
Translocations | 1 |  1.6
Transmutations | 1 |  1.6
Ice Magic      | 1 |  1.6
Air Magic      | 1 |  1.6
Earth Magic    | 1 |  1.6
Poison Magic   | 1 |  1.6
Fighting       | |  6.9
Axes           | |  6.9
Fire Magic     | |  5.7

Action                   |  1- 3 |  4- 6 || total
-------------------------+-------+-------++-------
Melee: Hand axe          |   109 |    13 ||   122
       Bite              |     7 |    12 ||    19
       Punch             |     1 |     1 ||     2
       Short sword       |       |   103 ||   103
 Fire: Hunting sling     |       |     2 ||     2
 Cast: Scorch            |     3 |    19 ||    22
Invok: Rising Flame      |       |     1 ||     1
       Fiery Armour      |       |     1 ||     1
  Use: Scroll            |       |     9 ||     9
       Potion            |       |     3 ||     3
 Stab: Sleeping          |     1 |       ||     1
Armor: Robe              |     9 |       ||     9
       Scale mail        |    20 |    76 ||    96
Dodge: Dodged            |    73 |    62 ||   135

Table legend: (Time is in decaauts)
 A = Elapsed time spent in this place.
 B = Non-inter-level travel time spent in this place.
 C = Inter-level travel time spent in this place.
 D = Time resting spent in this place.
 E = Time spent auto-exploring this place.
 F = Levels seen in this place.
 G = Mean time per level.
                   A        B        C        D        E       F      G
               +--------+--------+--------+--------+--------+-----+--------+
         Total |   3892 |   3791 |    101 |   1110 |   1579 |   5 |  778.4 |
       Dungeon |   3892 |   3791 |    101 |   1110 |   1579 |   5 |  778.4 |
               +--------+--------+--------+--------+--------+-----+--------+

Top non-repeatable levels by time:
     D:2: 1657 daAuts
     D:1: 1006 daAuts
     D:3: 721 daAuts
     D:5: 292 daAuts
     D:4: 214 daAuts
